 Dungeon Crawl Stone Soup version 0.23-a0-352-geaabbf348b (webtiles) character file.

1589539 GordonOverkill the Ninja (level 27, 160/160 HPs)
             Began as an Octopode Assassin on Oct 20, 2018.
             Was the Champion of Kikubaaqudgha.
             Escaped with the Orb
             ... and 3 runes on Oct 21, 2018!
             The game lasted 05:33:37 (88473 turns).

GordonOverkill the Ninja (Octopode Assassin)       Turns: 88473, Time: 05:33:37

Health: 160/160    AC:  1    Str: 17      XL:     27
Magic:  40/40      EV: 43    Int: 17 (18) God:    Kikubaaqudgha [******]
Gold:   347        SH: 30    Dex: 18      Spells: 5/52 levels left

rFire    + + +     SeeInvis +   a - +9 quick blade (pierce)
rCold    + . .     Gourm    .   u - +4 shield "Godaas" {rF++ Dex+2 Stlth-}
rNeg     + + .     Faith    .   P - +0 hat "Tyshrifym" {*Drain rC+ Str+2 Stlth+}
rPois    .         Spirit   .   K - brooch of Shielding {Reflect SH+8}
rElec    +         Reflect  +   m - +6 ring of evasion
rCorr    .         Harm     .   X - ring "Huushieq" {rElec rN+ Str+4 SInv}
MR       ++++.     Rnd*Rage +   D - +5 ring of evasion
Stlth    ++++......             C - ring of protection from magic
HPRegen  0.36/turn              E - ring of protection from fire
MPRegen  0.27/turn              R - +3 ring of slaying
                                N - ring "Zokigron" {+Blink EV+5}
                                Q - ring of Jumoif {rElec rN+ MR+ Dex+3}

@: no status effects
A: almost no armour, stealthy swim, amphibious, 8 rings, constrict 8, tentacle
spike 1, camouflage 1, berserk 2, clumsy 1, deterioration 1, dopey 2, frail 2,
screaming 1, weak 1, gelatinous body 1, no potion heal 1, subdued magic 2,
MP-powered wands
0: Orb of Zot
}: 3/15 runes: serpentine, barnacled, silver
a: Receive Corpses, Torment, Brand Weapon With Pain, Receive Necronomicon,
Renounce Religion, Evoke Blink


You escaped.
You worshipped Kikubaaqudgha.
Kikubaaqudgha was exalted by your worship.
You were not hungry.

You visited 11 branches of the dungeon, and saw 53 of its levels.
You visited the Abyss 1 time.
You visited 1 bazaar.
You also visited: Ice Cave.

You collected 8850 gold pieces.
You spent 8503 gold pieces at shops.

Inventory:

Hand Weapons
 a - a +9 quick blade of piercing (weapon)
 c - the +7 demon blade of the Sugar Beet {freeze, rElec}
   (You took it off a deep elf high priest on level 5 of the Vaults)

   It has been specially enchanted to freeze those struck by it, causing extra
   injury to most foes and up to half again as much damage against particularly
   susceptible opponents.
   It can also slow down cold-blooded creatures.
   It insulates you from electricity.
 w - a +7 demon blade of electrocution
Missiles
 g - 18 throwing nets (quivered)
Armour
 u - the +4 shield "Godaas" (worn) {rF++ Dex+2 Stlth-}
   (You acquired it on level 5 of the Vaults)

   It affects your dexterity (+2).
   It greatly protects you from fire.
   It makes you less stealthy.
 P - the +0 hat "Tyshrifym" (worn) {*Drain rC+ Str+2 Stlth+}
   (You acquired it on level 3 of the Snake Pit)

   It affects your strength (+2).
   It protects you from cold.
   It causes draining when unequipped.
   It makes you more stealthy.
Jewellery
 m - a +6 ring of evasion (left tentacle)
 C - a ring of protection from magic (on tentacle)
 D - a +5 ring of evasion (on tentacle)
 E - a ring of protection from fire (on tentacle)
 K - the brooch of Shielding (around mantle) {Reflect SH+8}
   (You found it on level 5 of the Depths)

   [amulet of reflection]

   It shields you and reflects attacks.
   It affects your SH (+8).
 N - the ring "Zokigron" (on tentacle) {+Blink EV+5}
   (You found it on level 12 of the Dungeon)

   [ring of evasion]

   It affects your evasion (+5).
   It lets you blink.
 O - the ring "Miblamet" {rC- rN+++ SInv}
   (You took it off a deep elf high priest on level 5 of the Vaults)

   [ring of see invisible]

   It makes you vulnerable to cold.
   It renders you almost immune to negative energy.
   It lets you see invisible.
 Q - the ring of Jumoif (on tentacle) {rElec rN+ MR+ Dex+3}
   (You found it on level 12 of the Dungeon)

   [ring of dexterity]

   It affects your dexterity (+3).
   It insulates you from electricity.
   It protects you from negative energy.
   It affects your resistance to hostile enchantments.
 R - a +3 ring of slaying (on tentacle)
 X - the ring "Huushieq" (right tentacle) {rElec rN+ Str+4 SInv}
   (You found it on level 12 of the Dungeon)

   [ring of see invisible]

   It affects your strength (+4).
   It insulates you from electricity.
   It protects you from negative energy.
   It lets you see invisible.
Wands
 b - a wand of flame (119)
 i - a wand of iceblast (76)
 z - a wand of digging (67)
 G - a wand of acid (52)
 W - a wand of clouds (6)
Scrolls
 k - 3 scrolls of blinking
 n - 27 scrolls of remove curse
 p - 25 scrolls of identify
 q - 5 scrolls of fog
 x - 18 scrolls of teleportation
 y - 4 scrolls of silence
 H - 5 scrolls of summoning
 S - 5 scrolls of holy word
 T - 3 scrolls of magic mapping
 U - 7 scrolls of enchant armour
 Y - 8 scrolls of fear
Potions
 d - 4 potions of invisibility
 l - 8 potions of brilliance
 o - 6 potions of magic
 r - 9 potions of agility
 t - 8 potions of heal wounds
 B - 4 potions of cancellation
 F - 23 potions of curing
 I - a potion of berserk rage
 J - 9 potions of haste
 L - 6 potions of might
 V - 3 potions of ambrosia
 Z - 3 potions of resistance
Miscellaneous
 s - a phial of floods
Comestibles
 f - 66 rations


   Skills:
 + Level 19.9 Fighting
 - Level 16.6(17.0) Short Blades
 - Level 6.2(12.6) Long Blades
 - Level 2.0 Throwing
 - Level 17.0 Dodging
 O Level 27 Stealth
 + Level 24.4 Shields
 - Level 13.0 Spellcasting
 - Level 11.0 Hexes
 - Level 4.0 Charms
 - Level 18.0 Necromancy
 - Level 13.0 Transmutations
 - Level 15.0 Earth Magic
 - Level 4.0 Evocations


You had 5 spell levels left.
You knew the following spells:

 Your Spells              Type           Power        Failure   Level  Hunger
a - Agony                 Necr           #####...     1%          5    ####...
b - Vampiric Draining     Necr           #####.....   0%          3    None
c - Borgnjor's Vile Clut  Necr/Erth      #####.....   1%          5    ####...
d - Dispel Undead         Necr           #####...     1%          5    ####...
e - Statue Form           Tmut/Erth      #####....    1%          6    ######.
f - Regeneration          Chrm/Necr      ####......   1%          3    None
g - Death Channel         Necr           #####.....   1%          6    ######.
h - Invisibility          Hex            ####....     7%          6    ######.
i - Song of Slaying       Chrm           ###.....     1%          2    None
j - Simulacrum            Ice/Necr       ####......   17%         6    ######.

Your spell library contained the following spells:

 Spells                   Type           Power        Failure   Level  Hunger
 Animate Skeleton         Necr           N/A          0%          1    None
 Confusing Touch          Hex            ####..       0%          1    None
 Pain                     Necr           ####         0%          1    None
 Sandblast                Erth           #####.       0%          1    None
 Corpse Rot               Necr           N/A          0%          2    None
 Sublimation of Blood     Necr           #####.....   0%          2    None
 Animate Dead             Necr           N/A          0%          4    ##.....
 Infusion                 Chrm           ###.         1%          1    None
 Ensorcelled Hibernation  Hex/Ice        ###...       1%          2    None
 Dazzling Spray           Conj/Hex       ###...       1%          3    None
 Ignite Poison            Fire/Tmut/Pois ###.....     1%          3    None
 Portal Projectile        Hex/Tloc       ###...       1%          3    None
 Spectral Weapon          Hex/Chrm       ###.....     1%          3    None
 Stone Arrow              Conj/Erth      ###...       1%          3    None
 Summon Guardian Golem    Hex/Summ       ###.....     1%          3    None
 Tukima's Dance           Hex            ####....     1%          3    None
 Cause Fear               Hex            ####......   1%          4    ##.....
 Leda's Liquefaction      Hex/Erth       ####......   1%          4    ##.....
 Petrify                  Tmut/Erth      #####...     1%          4    ##.....
 Lee's Rapid Deconstruct  Erth           #####.....   1%          5    ####...
 Yara's Violent Unravell  Hex/Tmut       ####......   1%          5    ####...
 Shroud of Golubria       Chrm/Tloc      ##........   2%          2    None
 Swiftness                Chrm/Air       ##......     2%          2    None
 Ice Form                 Ice/Tmut       ###.....     2%          4    ##.....
 Apportation              Tloc           #.....       3%          1    None
 Freeze                   Ice            #...         3%          1    None
 Magic Dart               Conj           #...         3%          1    None
 Shock                    Conj/Air       #...         3%          1    None
 Sting                    Conj/Pois      #...         3%          1    None
 Summon Butterflies       Summ           #.......     3%          1    None
 Summon Small Mammal      Summ           #...         3%          1    None
 Fulminant Prism          Conj/Hex       ###.......   3%          4    ##.....
 Ozocubu's Armour         Chrm/Ice       ##......     5%          3    None
 Call Imp                 Summ           #.......     6%          2    None
 Poisonous Vapours        Pois/Air       #.....       6%          2    None
 Searing Ray              Conj           #.....       6%          2    None
 Throw Frost              Conj/Ice       #.....       6%          2    None
 Alistair's Intoxication  Tmut/Pois      ###.....     8%          5    ####...
 Irradiate                Conj/Tmut      ###.......   8%          5    ####...
 Call Canine Familiar     Summ           #.......     13%         3    None
 Conjure Flame            Conj/Fire      #.......     13%         3    None
 Gell's Gravitas          Tloc           #.........   13%         3    None
 Lesser Beckoning         Tloc           #.........   13%         3    None
 Mephitic Cloud           Conj/Pois/Air  #.......     13%         3    None
 Static Discharge         Conj/Air       #.......     13%         3    None
 Silence                  Hex/Air        ###.......   13%         5    ####...
 Summon Mana Viper        Hex/Summ       ###.....     13%         5    ####...
 Bolt of Magma            Conj/Fire/Erth ###.......   16%         5    ####...
 Airstrike                Air            #.........   43%         4    ##.....
 Force Lance              Conj/Tloc      #.......     43%         4    ##.....
 Iskenderun's Mystic Bla  Conj           #.......     43%         4    ##.....
 Olgreb's Toxic Radiance  Pois           #.......     43%         4    ##.....
 Summon Ice Beast         Ice/Summ       #.......     43%         4    ##.....
 Summon Lightning Spire   Summ/Air       #.......     43%         4    ##.....
 Throw Icicle             Conj/Ice       #.......     43%         4    ##.....
 Iskenderun's Battlesphe  Conj/Chrm      ##......     50%         5    ####...
 Lightning Bolt           Conj/Air       #.........   80%         5    ####...
 Summon Forest            Summ/Tloc      #.........   80%         5    ####...
 Venom Bolt               Conj/Pois      #.........   80%         5    ####...
 Hydra Form               Tmut           ####......   2%          6    ######.
 Darkness                 Hex            ####......   7%          6    ######.
 Dragon Form              Tmut           ####......   19%         7    #######
 Borgnjor's Revivificati  Necr           #####.....   19%         8    #######
 Iron Shot                Conj/Erth      ###.......   32%         6    ######.
 Deflect Missiles         Chrm/Air       ##........   98%         6    ######.
 Discord                  Hex            ####......   98%         8    #######
 Bolt of Fire             Conj/Fire      #.........   100%        6    ######.
 Conjure Ball Lightning   Conj/Air       #.........   100%        6    ######.
 Dispersal                Tloc           #.........   100%        6    ######.
 Freezing Cloud           Conj/Ice/Air   #.........   100%        6    ######.
 Shadow Creatures         Summ           N/A          100%        6    ######.
 Orb of Destruction       Conj           #.........   100%        7    #######
 Ring of Flames           Chrm/Fire      ##........   100%        7    #######
 Spellforged Servitor     Conj/Summ      #.........   100%        7    #######
 Summon Hydra             Summ           #.........   100%        7    #######
 Controlled Blink         Tloc           N/A          100%        8    #######
 Disjunction              Tloc           #.........   100%        8    #######
 Shatter                  Erth           #####.....   100%        9    #######


Dungeon Overview and Level Annotations

Branches:
Dungeon (15/15)            Temple (1/1) D:6            Lair (6/6) D:8
 Shoals (4/4) Lair:3        Snake (4/4) Lair:2        Slime (0/5) Lair:6
    Orc (2/2) D:11            Elf (3/3) Orc:2        Vaults (5/5) D:13
  Crypt (3/3) Vaults:3       Tomb (0/3) Crypt:3      Depths (5/5) D:15
    Zot (5/5) Depths:5

Altars:
Ashenzari
Cheibriados
Dithmenos
Elyvilon
Fedhas
Gozag
Hepliaklqana
Kikubaaqudgha
Makhleb
Nemelex Xobeh
Okawaru
Qazlal
Ru
Sif Muna
Trog
Uskayaw
Vehumet
Wu Jian
Xom
Yredelemnul
Zin
The Shining One
Jiyva
Lugonu

Shops:
D:4 %   D:6 *   Orc:2 :[*[   Elf:3 :   Shoals:1 *   Snake:1 [   Snake:2 *
Vaults:1 [   Vaults:2 **   Vaults:5 =

Portals:
Hell: Depths:1 Depths:2 Depths:3 Depths:4 Depths:5
Abyss: Depths:3 Depths:4 Depths:5
Pandemonium: Depths:2 Depths:3
Ziggurat: Depths:3

Annotations:
Elf:2 1 runed door


Innate Abilities, Weirdness & Mutations

You cannot wear most types of armour.
You are very stealthy in the water. (Stealth+)
You are amphibious.
You can wear up to eight rings at the same time.
You can use your tentacles to constrict eight enemies at once.
Your skin changes colour to match your surroundings (Stealth+).
Your rubbery body absorbs attacks. (AC +1, EV +1)
One of your tentacles bears a spike.
You often lose your temper in combat.
You are clumsy. (Dex -2)
Your body sometimes deteriorates upon taking damage.
You are very dopey. (Int -4)
You are very frail. (-20% HP)
You occasionally shout uncontrollably at your foes.
You are weak. (Str -2)
Potions are less effective at restoring your health.
Your spells are easier to cast, but less powerful.
You expend magic power (3 MP) to strengthen your wands.


Message History

You feel yourself slow down.
You start resting.
Your transformation is almost over.
Casting: Statue Form (safe; 1% risk of failure)
Confirm with . or Enter, or press ? or * to list all spells.
Your skin crawls.
(D) Dungeon (T) Temple (L) Lair (A) Shoals (P) Snake Pit (M) Slime Pits (O) Orcish Mines (E) Elven Halls (V) Vaults (C) Crypt (W) Tomb (U) Depths (H) Hell (Z) Zot
Where to? (Enter - D:1 @ (x,y), ? - help)
You revert to your normal fleshy form.
Your skin is crawling a little less now.
Magic restored.
Your skin stops crawling.
You feel yourself speed up.
You recover from your berserk rage.
HP restored.
There is a staircase leading out of the dungeon here.
You have escaped!

.###############
...............#
.#############.# .#
#######.# .# #.......#
################
.#######.#####.#
#..............# .........#
#.# #.############.#
.........♣♣♣♣♣♣♣♣♣.# ###
#.#
#######..♣......@♣.###.##
#.#
##.♣.PPPPP♣♣.##...#######.#
#.♣.P≈≈≈P.................
#.♣.P≈8≈P.♣.##...#########
#.♣.P≈≈≈P.♣.###.## #
#.♣.PPPPP.♣.# ### #
#.♣.......♣## ########
######.♣♣♣♣♣♣♣♣♣# #.......
#......# #.# #.# #.######


There were no monsters in sight!

Vanquished Creatures
  5 ancient liches
  7 orbs of fire
  Frederick (Depths:2)
  Xtahua (Vaults:3)
  Vashnia (Snake:4)
  Saint Roka (Snake:3)
  A caustic shrike (Depths:4)
  3 Killer Klowns (Zot:5)
  Jory (Depths:3)
  8 golden dragons
  A profane servitor (Crypt:3)
  3 bone dragons
  4 electric golems
  2 Tzitzimimeh (Depths:3)
  25 Orb Guardians (Zot:5)
  An Ice Fiend (D:11)
  A Hell Sentinel (D:1)
  4 deep elf blademasters (Elf:3)
  The ghost of Jihew the Brawler, an adept TrCK of Xom (Elf:1)
  19 tentacled monstrosities
  A shard shrike skeleton (Crypt:1)
  4 titans (Vaults:5)
  7 liches
  6 quicksilver dragons
  2 sphinxes
  3 Executioners
  2 tentacled starspawn (Abyss:2)
  5 tengu reavers
  9 death cobs
  2 ancient champions
  Gastronok (Lair:2)
  A kraken (Shoals:3)
  Kirke (Snake:1)
  12 shadow dragons
  9 draconian monks
  16 storm dragons
  Roxanne (D:14)
  12 fire giants
  6 nagarajas
  A revenant (Crypt:3)
  Ilsuiw (Shoals:2)
  A curse skull (Crypt:2)
  9 draconian knights
  3 ghost moths
  10 vault wardens
  A balrug (Depths:4)
  3 iron dragons
  10 deep elf sorcerers
  An orc warlord (Orc:2)
  7 draconian shifters
  Louise (Depths:4)
  9 frost giants
  10 draconian scorchers
  A warmonger (Zot:4)
  5 deep elf elementalists
  11 ironheart preservers
  4 war gargoyles
  6 ghouls
  22 stone giants
  6 draconian stormcallers
  A juggernaut skeleton (Depths:4)
  3 spriggan defenders
  22 very ugly things
  3 reapers
  7 draconian annihilators
  2 entropy weavers
  10 vampire knights
  21 white draconians
  7 deep elf demonologists
  11 green draconians
  8 black draconians
  14 deep elf annihilators
  8 yellow draconians
  A lorocyproca (Depths:3)
  2 spark wasps (Depths:5)
  14 purple draconians
  2 blizzard demons (IceCv)
  7 statues (Depths:2)
  11 red draconians
  10 ettins
  2 merfolk javelineers (Shoals:4)
  14 merfolk impalers
  4 deep elf high priests
  Josephine (Lair:5)
  17 jiangshi
  5 deep elf death magi
  12 fire dragons
  2 eidola (Crypt:1)
  15 ogre magi
  17 yaktaur captains
  16 ice dragons
  6 great orbs of eyes
  A quicksilver dragon skeleton (Crypt:1)
  6 rakshasas
  Erolcha (D:9)
  A juggernaut simulacrum (Depths:1)
  32 vault guards
  18 naga warriors
  9 spriggan air magi
  6 hydras
  2 anacondas (shapeshifter)
  2 merfolk avatars
  6 centaur warriors
  Erica (D:9)
  3 alligator snapping turtles
  8 death knights
  A spectral fire giant (Crypt:3)
  The ghost of MirrMurr the Spear-Bearer, a journeyman OpBe of Trog (D:9)
  2 catoblepae
  4 anacondas
  62 two-headed ogres
  29 dancing weapons
  4 merfolk aquamancers (Shoals:4)
  3 deep troll shamans
  4 tengu warriors
  A satyr (Shoals:2)
  2 death yaks (Shoals:2)
  3 hell hogs (D:6)
  A titan zombie (Depths:4)
  4 deep troll earth magi
  2 soul eaters (Crypt:2)
  6 shock serpents
  7 vampire magi
  11 spriggan berserkers
  22 naga sharpshooters
  An orc high priest (Orc:1)
  14 shadow wraiths
  A fire crab (Lair:5)
  12 deep elf knights
  A sixfirhy (D:15)
  11 hell knights
  An iron giant zombie (Crypt:2)
  A titan skeleton (Crypt:2)
  2 iron trolls
  A cherub (Depths:1)
  2 salamander mystics
  10 flayed ghosts
  A storm dragon skeleton (Depths:4)
  A deep troll (shapeshifter) (Depths:4)
  6 sea snakes
  An entropy weaver zombie (Crypt:1)
  28 skeletal warriors
  22 deep trolls
  A tengu zombie (Vaults:2)
  A torturous demonspawn (D:6)
  4 unseen horrors
  7 naga ritualists
  18 phantasmal warriors
  2 shadow dragon zombies
  6 deep elf archers
  2 glowing orange brains
  4 wizards
  12 harpies
  13 orc knights
  2 sphinx zombies
  3 golden dragon skeletons
  4 wolf spiders
  5 orc sorcerers
  15 manticores
  14 ironbrand convokers
  8 mana vipers
  13 necromancers
  A fire giant zombie (Depths:1)
  47 deep elf magi
  5 fauns (Shoals:3)
  A frost giant zombie (Depths:3)
  2 iron dragon zombies
  2 manticores (shapeshifter)
  A salamander (shapeshifter) (Depths:3)
  4 oklob plants
  17 slime creatures
  8 salamanders
  6 cyclopes
  A sphinx skeleton (Depths:4)
  31 moths of wrath
  A frost giant skeleton (Depths:1)
  4 human skeletons
  17 ugly things
  An elephant (shapeshifter) (Depths:4)
  A stone giant skeleton (Vaults:4)
  An iron dragon skeleton (Depths:1)
  A moth of wrath (shapeshifter) (Vaults:4)
  22 elephants
  An apocalypse crab (Abyss:2)
  A rust devil (Depths:5)
  Joseph (D:8)
  An ice statue (IceCv)
  2 black mambas (shapeshifter)
  5 merfolk sirens
  22 black mambas
  6 water nymphs
  2 fire giant skeletons
  21 vault sentinels
  37 naga magi
  A guardian serpent (Snake:4)
  26 spiny frogs
  A smoke demon (D:13)
  A yaktaur zombie (Vaults:2)
  2 gargoyles
  An orange demon (Depths:3)
  13 komodo dragons
  A hellion (Depths:5)
  A rime drake (shapeshifter) (Vaults:4)
  A komodo dragon (shapeshifter) (Vaults:2)
  3 rime drakes
  6 centaur skeletons
  3 kobold demonologists
  3 anaconda simulacra (IceCv)
  A yaktaur skeleton (Vaults:4)
  4 ice devils (IceCv)
  3 ancient zymes (Abyss:2)
  14 freezing wraiths
  3 hellwings
  A red devil (Depths:4)
  2 tengu conjurers
  41 yaktaurs
  A queen ant zombie (Crypt:1)
  2 golden dragon simulacra (IceCv)
  A yellow draconian skeleton (Crypt:2)
  4 tyrant leeches (Lair:6)
  A queen bee (Lair:5)
  3 meliai (Lair:5)
  A meliai (shapeshifter) (Vaults:4)
  A jumping spider (shapeshifter) (Depths:2)
  A wandering mushroom (Lair:4)
  7 wind drakes
  A polar bear (shapeshifter) (Depths:2)
  A black draconian skeleton (Crypt:1)
  3 trolls
  A polar bear (Lair:2)
  Prince Ribbit (D:6)
  13 hornets
  46 merfolk
  A wolf spider simulacrum (IceCv)
  2 bog bodies (Crypt:2)
  3 raiju (Abyss:2)
  8 snapping turtles
  A blink frog (shapeshifter) (Vaults:1)
  29 blink frogs
  14 hippogriffs
  A hippogriff (shapeshifter) (Vaults:5)
  A frost giant simulacrum (Depths:1)
  2 dream sheep (Shoals:1)
  42 flying skulls (Crypt:3)
  A redback (Vaults:2)
  A vampire (D:15)
  9 spriggans
  13 shadows
  2 spriggan skeletons
  3 ynoxinuls
  15 water elementals
  24 wraiths
  A dire elephant simulacrum (IceCv)
  6 wyverns
  A satyr skeleton (Crypt:2)
  57 yaks
  3 golden eyes (Abyss:2)
  Grum (D:9)
  A basilisk (shapeshifter) (Vaults:5)
  3 fire elementals
  7 hogs (Snake:1)
  2 hungry ghosts
  A steam dragon (D:8)
  A death yak simulacrum (IceCv)
  A yaktaur simulacrum (Vaults:4)
  15 vampire mosquitoes
  2 basilisks
  4 iron troll simulacra (IceCv)
  59 nagas
  4 harpy simulacra
  9 large abominations
  3 insubstantial wisps (Abyss:2)
  8 wargs
  An acid dragon (D:14)
  A soldier ant (shapeshifter) (Vaults:1)
  2 hydra simulacra (IceCv)
  12 water moccasins
  A merfolk skeleton (Crypt:2)
  7 porcupines
  50 orc warriors
  A hornet zombie (D:14)
  3 sky beasts
  An eye of draining (shapeshifter) (Depths:3)
  3 ice beasts
  A black bear (D:8)
  7 necrophages
  2 phantoms
  An ettin simulacrum (Crypt:3)
  A black mamba simulacrum (Crypt:1)
  A fire dragon simulacrum (Depths:1)
  34 ogres
  14 wolves
  6 boggarts
  A manticore skeleton (Crypt:1)
  40 centaurs
  11 crocodiles
  A dream sheep skeleton (Crypt:2)
  3 big kobolds
  3 elf zombies (Elf:1)
  27 bullfrogs
  A glowing shapeshifter simulacrum (Vaults:4)
  3 earth elementals
  A spiny frog simulacrum (Crypt:3)
  34 killer bees
  4 scorpions
  A hornet simulacrum (D:15)
  4 small abominations (Crypt:3)
  An elephant simulacrum (IceCv)
  9 howler monkeys
  5 electric eels
  17 wights
  A raiju skeleton (Crypt:2)
  9 crimson imps
  4 bullfrog zombies
  An elf simulacrum (Crypt:1)
  3 centaur zombies
  3 hounds
  5 draconian simulacra (IceCv)
  A demonspawn zombie (Crypt:1)
  A gnoll shaman (D:5)
  3 bullfrog skeletons
  23 orc priests
  3 jellies
  30 orc wizards
  3 iguanas
  Terence (D:3)
  14 worker ants
  A polar bear simulacrum (IceCv)
  3 spriggan simulacra
  4 troll simulacra (IceCv)
  2 wolf simulacra (IceCv)
  A killer bee zombie (D:6)
  A centaur simulacrum (IceCv)
  An ogre zombie (Crypt:1)
  A hound skeleton (D:11)
  A worker ant zombie (D:8)
  9 gnolls
  An ogre simulacrum (IceCv)
  11 adders
  4 naga simulacra (IceCv)
  5 shadow imps
  5 white imps
  6 ufetubi (IceCv)
  2 oozes
  A halfling skeleton (Crypt:2)
  3 worms (D:2)
  3 dart slugs
  2 leopard geckos
  135 orcs
  A bat zombie (Crypt:1)
  6 giant cockroaches
  5 goblins
  9 hobgoblins
  2 jackals (D:4)
  16 kobolds
  3 quokkas
  A ball python (D:3)
  10 bats
  5 frilled lizards
  A giant cockroach zombie (Crypt:1)
  A leopard gecko skeleton (Crypt:2)
  A quokka zombie (D:5)
  11 rats
  4 crawling corpses (Elf:3)
  3 fire vortices (Depths:2)
  3 fungi
  11 plants
  3 tentacles (Shoals:3)
2674 creatures vanquished.

Vanquished Creatures (collateral kills)
  An orb of fire (Zot:4)
  A curse toe (Zot:5)
  A tentacled monstrosity (Depths:4)
  A titan (Vaults:5)
  Polyphemus (Shoals:2)
  2 sphinxes (Vaults:5)
  A shadow dragon (Vaults:5)
  2 storm dragons (Vaults:5)
  A deep elf sorcerer (Vaults:5)
  2 draconian shifters
  A draconian knight (Zot:2)
  2 vault wardens
  A frost giant (Vaults:5)
  A draconian stormcaller (Zot:2)
  An ironheart preserver (Vaults:5)
  A green draconian (Zot:1)
  2 stone giants
  A black draconian (Zot:5)
  A yellow draconian (Depths:5)
  4 ettins
  6 yaktaur captains
  A merfolk impaler (Shoals:2)
  7 vault guards (Vaults:5)
  A centaur warrior (Vaults:3)
  2 two-headed ogres
  A death yak (Shoals:2)
  An ogre mage (Vaults:5)
  A deep elf archer (Vaults:4)
  4 ironbrand convokers
  A necromancer (Vaults:4)
  2 orc knights
  A phantasmal warrior (Vaults:5)
  An orc sorcerer (Vaults:3)
  2 manticores (Shoals:2)
  A merfolk siren (Shoals:2)
  2 vault sentinels
  4 yaktaurs
  A merfolk (Shoals:2)
  A meliai (shapeshifter) (Vaults:5)
  A water elemental (Shoals:2)
  An orc warrior (Vaults:4)
  2 ogres
  A human skeleton (Vaults:4)
  An orc wizard (Vaults:5)
  An orc priest (Vaults:5)
  3 orcs
  A bat (shapeshifter) (Vaults:5)
79 creatures vanquished.

Vanquished Creatures (others)
  A deep elf master archer (Elf:3)
  A fire giant (Depths:4)
  A draconian stormcaller (Depths:5)
  A draconian annihilator (Zot:4)
  A stone giant (Depths:5)
  A deep elf annihilator (Depths:2)
  A yaktaur captain (Vaults:5)
  A centaur warrior (Depths:2)
  A merfolk aquamancer (Shoals:4)
  A naga sharpshooter (Snake:3)
  2 wizards (Depths:2)
  An orc knight (Orc:2)
  6 yaktaurs
  A boggart (Depths:1)
  A centaur (Depths:2)
  A bullfrog (Lair:6)
  A white imp (IceCv)
  An ufetubus (IceCv)
  2 orcs (Snake:4)
  A fire vortex (Depths:2)
  54 fungi
  72 plants
  5 starspawn tentacles (Abyss:2)
  9 tentacles (Shoals:3)
167 creatures vanquished.

Grand Total: 2920 creatures vanquished

Notes
Turn   | Place    | Note
-------+----------+-------------------------------------------
     0 | D:1      | GordonOverkill the Octopode Assassin began the quest for
                  | the Orb.
     0 | D:1      | Reached XP level 1. HP: 14/14 MP: 1/1
   152 | D:1      | Reached XP level 2. HP: 19/19 MP: 2/2
   453 | D:1      | Reached skill level 6 in Stealth
   681 | D:1      | Reached XP level 3. HP: 25/25 MP: 3/3
  1231 | D:2      | Reached XP level 4. HP: 30/30 MP: 4/4
  1747 | D:3      | Reached skill level 7 in Stealth
  1798 | D:3      | Reached XP level 5. HP: 36/36 MP: 5/5
  2246 | D:3      | Noticed Terence
  2249 | D:3      | Killed Terence
  2435 | D:3      | Reached XP level 6. HP: 3/42 MP: 6/6
  2835 | D:3      | Reached skill level 8 in Stealth
  3073 | D:4      | Noticed a phantom
  3109 | D:4      | Found Unydess's Food Shop.
  3266 | D:4      | Found a shattered altar of Ashenzari.
  3704 | D:5      | Entered Level 5 of the Dungeon
  3836 | D:5      | Reached skill level 9 in Stealth
  3836 | D:5      | Reached XP level 7. HP: 37/47 MP: 7/7
  5093 | D:6      | Noticed Prince Ribbit
  5101 | D:6      | Found a staircase to the Ecumenical Temple.
  5112 | D:6      | Killed Prince Ribbit
  5112 | D:6      | Reached skill level 10 in Stealth
  5112 | D:6      | Reached XP level 8. HP: 54/54 MP: 8/8
  5122 | Temple   | Entered the Ecumenical Temple
  5235 | Temple   | Became a worshipper of Kikubaaqudgha
  5382 | D:6      | Found an ornate altar of the Wu Jian Council.
  5407 | D:6      | Found Rov Mei's Serpentskin Sales.
  5430 | D:6      | Bought 4 curare-tipped needles for 24 gold pieces
  5607 | D:7      | Noticed a yak
  5607 | D:7      | Noticed a yak
  5607 | D:7      | Noticed a yak
  5613 | D:7      | Noticed a yak
  5678 | D:6      | Killed a yak
  5678 | D:6      | Reached skill level 5 in Fighting
  5678 | D:6      | Reached skill level 5 in Short Blades
  5678 | D:6      | Reached skill level 1 in Necromancy
  6015 | D:7      | Reached skill level 11 in Stealth
  6631 | D:7      | Reached * piety under Kikubaaqudgha
  6631 | D:7      | Identified Kikubaaqudgha's Reference Book on Necromancy
                  | (Kikubaaqudgha gifted it to you on level 7 of the Dungeon)
  6631 | D:7      | Received a gift from Kikubaaqudgha
  6637 | D:7      | Learned a level 1 spell: Pain
  6654 | D:7      | Reached XP level 9. HP: 61/62 MP: 9/9
  6737 | D:7      | Learned a level 3 spell: Vampiric Draining
  6927 | D:7      | Found a sacrificial altar of Ru.
  7055 | D:6      | Reached skill level 12 in Stealth
  7887 | D:8      | Reached skill level 5 in Necromancy
  7961 | D:8      | Reached ** piety under Kikubaaqudgha
  8123 | D:8      | Reached XP level 10. HP: 33/69 MP: 10/10
  8597 | D:8      | Reached skill level 13 in Stealth
  8943 | D:8      | Noticed Joseph
  8973 | D:8      | Killed Joseph
  9093 | D:8      | Found a staircase to the Lair.
  9717 | D:8      | Noticed a two-headed ogre
  9729 | D:8      | Killed a two-headed ogre
  9729 | D:8      | Reached skill level 1 in Spellcasting
  9976 | D:9      | Noticed Erolcha
  9978 | D:9      | Killed Erolcha
  9978 | D:9      | Reached skill level 14 in Stealth
 10172 | D:9      | Noticed Grum
 10186 | D:9      | Killed Grum
 10186 | D:9      | Reached XP level 11. HP: 6/75 MP: 11/15
 10207 | D:10     | Entered Level 10 of the Dungeon
 10423 | D:9      | Reached *** piety under Kikubaaqudgha
 10423 | D:9      | Identified Kikubaaqudgha's Almanac of Unholy Arts
                  | (Kikubaaqudgha gifted it to you on level 9 of the Dungeon)
 10423 | D:9      | Received a gift from Kikubaaqudgha
 10620 | D:10     | Learned a level 5 spell: Borgnjor's Vile Clutch
 10929 | D:9      | Found a runed door.
 11237 | D:7      | Reached skill level 1 in Earth Magic
 11498 | D:9      | Noticed MirrMurr's ghost (journeyman OpBe)
 11578 | D:9      | Noticed Erica
 11778 | D:9      | Killed Erica
 11894 | D:9      | Noticed a two-headed ogre
 11906 | D:9      | Killed a two-headed ogre
 12180 | D:9      | Learned a level 5 spell: Dispel Undead
 12193 | D:9      | Killed MirrMurr's ghost
 12649 | Lair:1   | Entered Level 1 of the Lair of Beasts
 13068 | Lair:1   | Reached skill level 15 in Stealth
 13653 | D:7      | Reached skill level 10 in Short Blades
 13653 | D:7      | Reached skill level 5 in Spellcasting
 13918 | Lair:1   | Learned a level 6 spell: Statue Form
 14241 | Lair:1   | Reached XP level 12. HP: 66/81 MP: 19/19
 14261 | Lair:1   | Reached skill level 5 in Earth Magic
 15634 | Lair:2   | Found a staircase to the Snake Pit.
 15995 | Lair:2   | Noticed a five-headed hydra
 16375 | Lair:2   | Noticed Gastronok
 16407 | Lair:2   | Killed Gastronok
 16407 | Lair:2   | Reached skill level 10 in Necromancy
 16916 | Lair:2   | Killed a five-headed hydra
 16916 | Lair:2   | Reached skill level 1 in Transmutations
 18339 | D:4      | Bought a ration for 70 gold pieces
 18339 | D:4      | Bought a ration for 70 gold pieces
 18339 | D:4      | Bought a ration for 70 gold pieces
 18339 | D:4      | Bought a ration for 70 gold pieces
 18339 | D:4      | Bought a ration for 70 gold pieces
 18339 | D:4      | Bought a ration for 70 gold pieces
 18339 | D:4      | Bought a ration for 70 gold pieces
 18339 | D:4      | Bought a ration for 70 gold pieces
 18339 | D:4      | Bought a ration for 70 gold pieces
 18339 | D:4      | Bought a ration for 70 gold pieces
 18339 | D:4      | Bought a ration for 70 gold pieces
 18815 | Lair:3   | Reached XP level 13. HP: 36/86 MP: 12/20
 19257 | Lair:3   | Found a staircase to the Shoals.
 19288 | Lair:3   | Reached skill level 1 in Evocations
 19301 | Lair:3   | Reached **** piety under Kikubaaqudgha
 19979 | Lair:4   | Reached skill level 5 in Transmutations
 24535 | Lair:5   | Noticed Josephine
 26633 | Lair:5   | Killed Josephine
 26789 | Lair:6   | Entered Level 6 of the Lair of Beasts
 27029 | Lair:5   | Reached XP level 14. HP: 72/91 MP: 18/21
 27037 | Lair:5   | Reached skill level 10 in Earth Magic
 27662 | Lair:6   | Reached skill level 10 in Transmutations
 27694 | Lair:5   | Reached ***** piety under Kikubaaqudgha
 29624 | Lair:6   | Found the +8 longbow "Zephyr" {speed, Dex+3 SInv}
 30240 | Lair:6   | Found a runed door.
 30241 | Lair:6   | Found a viscous altar of Jiyva.
 30242 | Lair:6   | Found a staircase to the Slime Pits.
 30524 | D:10     | Got a slimy buckler
 30530 | D:10     | Identified the cursed +0 buckler of Purpose {rF- rC+ Str+3}
                  | (You found it on level 10 of the Dungeon)
 31193 | D:10     | Found the +6 lightning scales {run, rElec}
 31292 | D:9      | Got a brightly glowing long sword
 31293 | D:9      | Identified the +2 long sword "Fiupt" {flame, rN+ Str+5}
                  | (You found it on level 9 of the Dungeon)
 31397 | D:11     | Reached ****** piety under Kikubaaqudgha
 32046 | D:11     | Reached XP level 15. HP: 98/98 MP: 26/26
 32194 | D:11     | Found a bloodstained altar of Trog.
 32351 | D:11     | Found a staircase to the Orcish Mines.
 33311 | D:12     | Found a shattered altar of Ashenzari.
 33792 | D:12     | Got a vibrating brass ring
 33793 | D:12     | Identified the ring "Zokigron" {+Blink EV+5} (You found it
                  | on level 12 of the Dungeon)
 33797 | D:12     | Got a steaming ivory ring
 33798 | D:12     | Identified the ring of Doac {Str+4 Int-2 Stlth-} (You found
                  | it on level 12 of the Dungeon)
 33963 | D:12     | Got a sparkling tin ring
 33964 | D:12     | Identified the ring of Jumoif {rElec rN+ MR+ Dex+3} (You
                  | found it on level 12 of the Dungeon)
 33967 | D:12     | Got a steaming lapis lazuli ring
 34021 | D:12     | Identified the ring "Huushieq" {rElec rN+ Str+4 SInv} (You
                  | found it on level 12 of the Dungeon)
 34306 | D:13     | Found a gate to the Vaults.
 34699 | D:13     | Learned a level 3 spell: Regeneration
 34719 | D:13     | Found a basalt altar of Yredelemnul.
 35063 | D:14     | Reached skill level 1 in Shields
 35567 | D:14     | Found a shimmering altar of Xom.
 35619 | D:14     | Noticed Roxanne
 35682 | D:14     | Killed Roxanne
 36311 | D:15     | Entered Level 15 of the Dungeon
 36476 | D:15     | Reached XP level 16. HP: 107/107 MP: 4/28
 36652 | D:15     | Found a staircase to the Depths.
 36931 | D:15     | Reached skill level 5 in Dodging
 37237 | Orc:1    | Entered Level 1 of the Orcish Mines
 37340 | D:11     | Learned a level 5 spell: Agony
 37798 | Orc:2    | Entered Level 2 of the Orcish Mines
 38347 | Orc:2    | Reached skill level 10 in Fighting
 38652 | Orc:2    | Found a staircase to the Elven Halls.
 38932 | Orc:2    | Found Ramoph's General Store.
 38932 | Orc:2    | Found Xiecerus's Antique Armour Emporium.
 38932 | Orc:2    | Found Zaonur's Book Shoppe.
 38935 | Orc:2    | Found Zuifivi's Antique Armour Boutique.
 38942 | Orc:2    | Bought a manual of Stealth for 1435 gold pieces
 38949 | Orc:2    | Bought a potion of magic for 120 gold pieces
 38949 | Orc:2    | Bought a potion of mutation for 120 gold pieces
 39479 | Snake:1  | Entered Level 1 of the Snake Pit
 39848 | Snake:1  | Found Poklig's Armour Shop.
 39932 | Snake:1  | Noticed Kirke
 40224 | Snake:1  | Killed Kirke
 41208 | Snake:2  | Reached skill level 10 in Dodging
 41343 | Snake:2  | Found Ukufasej's Assorted Antiques.
 41355 | Snake:2  | Noticed a nagaraja
 41374 | Snake:2  | Killed a nagaraja
 41374 | Snake:2  | Reached XP level 17. HP: 99/114 MP: 18/29
 41901 | Snake:3  | Reached skill level 5 in Shields
 42004 | Snake:3  | Reached skill level 16 in Stealth
 42017 | Snake:3  | Identified a scroll of acquirement
 42020 | Snake:3  | Got a dazzling hat
 42021 | Snake:3  | Identified the +0 hat "Tyshrifym" {*Drain rC+ Str+2 Stlth+}
                  | (You acquired it on level 3 of the Snake Pit)
 42814 | Snake:4  | Entered Level 4 of the Snake Pit
 43064 | Snake:4  | Reached skill level 17 in Stealth
 43541 | Snake:4  | Noticed Saint Roka
 43550 | Snake:4  | Noticed Vashnia
 43812 | Snake:3  | Killed Saint Roka
 43812 | Snake:3  | Reached skill level 18 in Stealth
 44871 | Snake:4  | Reached skill level 19 in Stealth
 44874 | Snake:4  | Reached XP level 18. HP: 125/125 MP: 29/30
 44916 | Snake:4  | Killed Vashnia
 45104 | Snake:4  | Reached skill level 20 in Stealth
 45370 | Snake:4  | Got a serpentine rune of Zot
 45888 | Lair:2   | Upgraded the game from 0.23-a0-345-g28c3e8efcb to
                  | 0.23-a0-352-geaabbf348b
 46093 | Vaults:1 | Entered Level 1 of the Vaults
 46528 | Vaults:1 | Found Omnaevuc's Antique Armour Boutique.
 47241 | Vaults:1 | Reached skill level 21 in Stealth
 47513 | Vaults:1 | Reached XP level 19. HP: 130/130 MP: 15/32
 47742 | Vaults:1 | Reached skill level 22 in Stealth
 47843 | Vaults:1 | Learned a level 6 spell: Death Channel
 47965 | Vaults:2 | Reached skill level 10 in Spellcasting
 49006 | Vaults:2 | Found Anerun's General Store.
 49312 | Vaults:2 | Found Noopleri's Assorted Antiques.
 49672 | Vaults:3 | Reached skill level 10 in Shields
 50457 | Vaults:3 | Reached XP level 20. HP: 136/136 MP: 32/34
 50625 | Vaults:3 | Found a staircase to the Crypt.
 50827 | Vaults:3 | Noticed Xtahua
 50847 | Vaults:3 | Killed Xtahua
 52778 | Vaults:4 | Reached skill level 15 in Shields
 53353 | Vaults:4 | Reached XP level 21. HP: 127/144 MP: 26/35
 53864 | Elf:1    | Entered Level 1 of the Elven Halls
 53996 | Elf:1    | Found a frozen archway.
 54054 | IceCv    | Entered an ice cave
 55315 | Elf:1    | Found the +8 demon blade "Leech" {vamp, rN+ AC-3 EV-3}
 55316 | Elf:1    | Found a large runed door.
 55316 | Elf:1    | Found a large runed door.
 55316 | Elf:1    | Noticed Jihew's ghost (adept TrCK)
 55331 | Elf:1    | Killed Jihew's ghost
 55336 | Elf:1    | Identified the Handbook of Poisoning and Dark Secrets
 55449 | Elf:1    | Reached skill level 23 in Stealth
 55478 | Elf:1    | Identified the Handbook of Stolen Souls
 55741 | Elf:2    | Found a runed door.
 55764 | Elf:2    | Found a runed door.
 55979 | Elf:2    | Found a radiant altar of Vehumet.
 57069 | Shoals:1 | Entered Level 1 of the Shoals
 57085 | Shoals:1 | Cast into level 2 of the Abyss (merfolk impaler)
 57085 | Abyss:2  | Found a corrupted altar of Lugonu.
 57321 | Abyss:2  | Noticed a bone dragon
 57349 | Abyss:2  | Killed a bone dragon
 57462 | Shoals:1 | Escaped the Abyss
 57711 | Shoals:1 | Found Doutufy's Desiderata Depot.
 58385 | Shoals:2 | Noticed Ilsuiw
 58398 | Shoals:2 | Killed Ilsuiw
 58398 | Shoals:2 | Reached skill level 24 in Stealth
 58600 | Shoals:2 | Noticed Polyphemus
 58625 | Shoals:2 | Killed Polyphemus
 58631 | Shoals:2 | Reached skill level 15 in Fighting
 58631 | Shoals:2 | Reached XP level 22. HP: 157/157 MP: 14/36
 60180 | Shoals:4 | Entered Level 4 of the Shoals
 60584 | Shoals:4 | Learned a level 6 spell: Invisibility
 60761 | Shoals:4 | Reached skill level 1 in Hexes
 61056 | Shoals:4 | Got a barnacled rune of Zot
 61687 | Depths:1 | Entered Level 1 of the Depths
 62313 | Depths:1 | Reached skill level 5 in Hexes
 62318 | Depths:1 | Reached skill level 15 in Earth Magic
 62801 | Depths:1 | Found a corrupted altar of Lugonu.
 62808 | Depths:1 | Identified Lugonu's Volume of Black Secrets
 62928 | Depths:1 | Found a gateway to Hell.
 63106 | Depths:1 | Reached XP level 23. HP: 162/162 MP: 32/37
 64414 | Depths:2 | You fall through a shaft for 2 floors!
 64926 | Depths:3 | Found a gateway to a ziggurat.
 65695 | Depths:2 | Found a radiant altar of Vehumet.
 65696 | Depths:2 | Noticed Frederick
 66142 | Depths:2 | Killed Frederick
 66261 | Depths:2 | Found a one-way gate leading to the halls of Pandemonium.
 66470 | Depths:3 | Reached skill level 10 in Hexes
 66913 | Depths:3 | Found a one-way gate to the infinite horrors of the Abyss.
 66914 | Depths:3 | Found a corrupted altar of Lugonu.
 67344 | Depths:3 | Noticed Jory
 67354 | Depths:3 | Killed Jory
 67626 | Depths:3 | Reached XP level 24. HP: 157/169 MP: 37/37
 67958 | Depths:4 | Noticed Louise
 67978 | Depths:4 | Killed Louise
 68902 | Depths:4 | Noticed a caustic shrike
 68904 | Depths:4 | Killed a caustic shrike
 69515 | Depths:5 | Entered Level 5 of the Depths
 69578 | Depths:5 | Found the brooch of Shielding {Reflect SH+8}
 69823 | Depths:5 | Got a twisted hat
 69824 | Depths:5 | Identified the +0 hat of the Hidden Vale {MR+} (You
                  | acquired it on level 5 of the Depths)
 69833 | Depths:5 | Found a flickering gateway to a bazaar.
 69851 | Bazaar   | Entered a bazaar
 69851 | Bazaar   | Found Bera's Magic Scroll Boutique.
 69851 | Bazaar   | Found Saenois's Distillery.
 69851 | Bazaar   | Found Mongod's Weapon Emporium.
 69852 | Bazaar   | Found Jauxe's General Store.
 69852 | Bazaar   | Found Vuojoydd's Antique Weapon Shoppe.
 69868 | Bazaar   | Bought a scroll of summoning for 104 gold pieces
 69871 | Bazaar   | Bought a scroll of blinking for 82 gold pieces
 69871 | Bazaar   | Bought a scroll of magic mapping for 38 gold pieces
 69871 | Bazaar   | Bought a scroll of teleportation for 33 gold pieces
 69871 | Bazaar   | Bought a scroll of enchant armour for 82 gold pieces
 69871 | Bazaar   | Bought a scroll of magic mapping for 38 gold pieces
 69871 | Bazaar   | Bought a scroll of magic mapping for 38 gold pieces
 69878 | Bazaar   | Bought a potion of curing for 24 gold pieces
 69878 | Bazaar   | Bought a potion of curing for 24 gold pieces
 69878 | Bazaar   | Bought a potion of curing for 24 gold pieces
 69878 | Bazaar   | Bought a potion of ambrosia for 64 gold pieces
 69878 | Bazaar   | Bought a potion of brilliance for 32 gold pieces
 69878 | Bazaar   | Bought 2 potions of heal wounds for 80 gold pieces
 69878 | Bazaar   | Bought a potion of haste for 80 gold pieces
 69878 | Bazaar   | Bought a potion of agility for 32 gold pieces
 69878 | Bazaar   | Bought a potion of invisibility for 64 gold pieces
 69995 | Depths:5 | Reached XP level 25. HP: 135/174 MP: 13/37
 70002 | Depths:5 | Reached skill level 15 in Necromancy
 70355 | Depths:5 | Found a gate to the Realm of Zot.
 70983 | Depths:5 | Found a bloodstained altar of Trog.
 71414 | Elf:3    | Entered Level 3 of the Elven Halls
 71698 | Elf:3    | Identified the +9 halberd "Huotus" {venom, Int+4 Stlth+}
 72150 | Elf:3    | Found Aleu's Book Shoppe.
 72158 | Elf:3    | Bought a book of Battle for 720 gold pieces
 72161 | Elf:3    | Learned a level 2 spell: Song of Slaying
 72332 | Elf:3    | Found the +3 pair of gauntlets of War {Slay+5}
 72336 | Elf:3    | Identified the Grimoire of Unholy Flight
 72348 | Elf:3    | Identified the Catalogue of Curses and Feathers
 72358 | Elf:3    | Identified the +1 eveningstar of Responsibility {freeze,
                  | Dex+3}
 72903 | Vaults:5 | Entered Level 5 of the Vaults
 73022 | Vaults:5 | Reached skill level 25 in Stealth
 73054 | Vaults:5 | Noticed an ancient lich
 73078 | Vaults:5 | Killed an ancient lich
 73080 | Vaults:5 | Identified the +7 demon blade of the Sugar Beet {freeze,
                  | rElec}
 73080 | Vaults:5 | Identified the ring "Haetop" {Ice *Corrode rElec Dex+4}
 73155 | Vaults:5 | Reached XP level 26. HP: 152/180 MP: 16/37
 73252 | Vaults:5 | Reached skill level 1 in Long Blades
 73467 | Vaults:5 | Got a scorched shield
 73468 | Vaults:5 | Identified the +4 shield "Godaas" {rF++ Dex+2 Stlth-} (You
                  | acquired it on level 5 of the Vaults)
 73667 | Vaults:5 | Reached skill level 26 in Stealth
 73671 | Vaults:5 | Reached skill level 5 in Long Blades
 74010 | Vaults:5 | Identified the ring "Kyquxy" {*Tele Dex+4}
 74162 | Vaults:5 | Identified the Incunabulum of Stones and the Frostbite
 74263 | Vaults:5 | Identified Sophisticated Spellcraft
 74471 | Vaults:5 | Found Foichuh's Jewellery Shoppe.
 74721 | Vaults:5 | Reached skill level 27 in Stealth
 74735 | Vaults:5 | Identified the ring "Miblamet" {rC- rN+++ SInv}
 74764 | Vaults:5 | Got a silver rune of Zot
 75199 | Crypt:1  | Entered Level 1 of the Crypt
 75515 | Crypt:1  | Found an ancient bone altar of Kikubaaqudgha.
 76242 | Shoals:1 | Bought a manual of Dodging for 2097 gold pieces
 76242 | Shoals:1 | Bought a wand of digging (11) for 570 gold pieces
 77895 | Crypt:3  | Entered Level 3 of the Crypt
 77904 | Crypt:3  | Reached XP level 27. HP: 186/186 MP: 28/38
 77938 | Crypt:3  | Reached skill level 1 in Charms
 77981 | Crypt:3  | Found a basalt altar of Yredelemnul.
 78581 | Crypt:3  | Reached skill level 15 in Dodging
 78591 | Crypt:3  | Noticed an ancient lich
 78602 | Crypt:3  | Killed an ancient lich
 78636 | Crypt:3  | Found a staircase to the Tomb.
 78777 | Crypt:3  | Identified Aniacykk's Grimoire of Dark Magic
 79709 | Snake:2  | Bought a potion of haste for 440 gold pieces
 79709 | Snake:2  | Bought a scroll of enchant weapon for 330 gold pieces
 79709 | Snake:2  | Bought a scroll of enchant weapon for 330 gold pieces
 79709 | Snake:2  | Bought a wand of paralysis (16) for 88 gold pieces
 79709 | Snake:2  | Bought a scroll of teleportation for 132 gold pieces
 80180 | Zot:1    | Entered Level 1 of the Realm of Zot
 81077 | Zot:2    | Reached skill level 15 in Short Blades
 81918 | Zot:3    | Noticed an orb of fire
 81923 | Zot:3    | Gained mutation: You tend to lose your temper in combat.
                  | [an orb of fire]
 81934 | Zot:3    | Gained mutation: Scrolls take you a little longer to read.
                  | [an orb of fire]
 81936 | Zot:3    | Gained mutation: Your spells are a little easier to cast,
                  | but a little less powerful. [an orb of fire]
 81945 | Zot:3    | Gained mutation: Your magical capacity is low. (-10% MP)
                  | [an orb of fire]
 81952 | Zot:3    | Killed an orb of fire
 81953 | Zot:3    | Lost mutation: Your magical capacity is low. (-10% MP)
                  | [potion of mutation]
 81953 | Zot:3    | Lost mutation: Your spells are a little easier to cast, but
                  | a little less powerful. [potion of mutation]
 81953 | Zot:3    | Gained mutation: You are frail. (-10% HP) [potion of
                  | mutation]
 81953 | Zot:3    | Gained mutation: You are somewhat resistant to further
                  | mutation. [potion of mutation]
 82065 | Zot:3    | Learned a level 6 spell: Simulacrum
 82907 | Vaults:2 | Bought a potion of mutation for 120 gold pieces
 82975 | Vaults:2 | Bought a potion of mutation for 368 gold pieces
 82975 | Vaults:2 | Lost mutation: You are frail. (-10% HP) [potion of
                  | mutation]
 82975 | Vaults:2 | Lost mutation: You tend to lose your temper in combat.
                  | [potion of mutation]
 82975 | Vaults:2 | Lost mutation: Scrolls take you a little longer to read.
                  | [potion of mutation]
 82975 | Vaults:2 | Gained mutation: You tend to lose your temper in combat.
                  | [potion of mutation]
 82975 | Vaults:2 | Gained mutation: You are agile. (Dex +2) [potion of
                  | mutation]
 82976 | Vaults:2 | Lost mutation: You tend to lose your temper in combat.
                  | [potion of mutation]
 82976 | Vaults:2 | Lost mutation: You are agile. (Dex +2) [potion of mutation]
 82976 | Vaults:2 | Lost mutation: You are somewhat resistant to further
                  | mutation. [potion of mutation]
 82976 | Vaults:2 | Gained mutation: Potions are less effective at restoring
                  | your health. [potion of mutation]
 82976 | Vaults:2 | Gained mutation: Your muscles are strong. (Str +2) [potion
                  | of mutation]
 82976 | Vaults:2 | Gained mutation: You expend magic power (3 MP) to
                  | strengthen your wands. [potion of mutation]
 82976 | Vaults:2 | Gained mutation: One of your tentacles bears a spike.
                  | [potion of mutation]
 83583 | Zot:4    | Noticed an orb of fire
 83595 | Zot:4    | Gained mutation: You are clumsy. (Dex -2) [an orb of fire]
 83598 | Zot:4    | Gained mutation: You are frail. (-10% HP) [an orb of fire]
 83611 | Zot:4    | Gained mutation: Your body sometimes deteriorates upon
                  | taking damage. [an orb of fire]
 83625 | Zot:4    | Gained mutation: You are dopey. (Int -2) [an orb of fire]
 83629 | Zot:4    | Killed an orb of fire
 84400 | Zot:5    | Entered Level 5 of the Realm of Zot
 84400 | Zot:5    | Found the +8 autumn katana {slice, Clar}
 85828 | Zot:5    | Noticed an ancient lich
 85835 | Zot:5    | Killed an ancient lich
 85844 | Zot:5    | Noticed an ancient lich
 85861 | Zot:5    | Killed an ancient lich
 86008 | Zot:5    | Noticed an ancient lich
 86088 | Zot:5    | Noticed an orb of fire
 86092 | Zot:5    | Lost mutation: Your muscles are strong. (Str +2) [an orb of
                  | fire]
 86098 | Zot:5    | Killed an orb of fire
 86101 | Zot:5    | Noticed an orb of fire
 86106 | Zot:5    | Gained mutation: Your spells are a little easier to cast,
                  | but a little less powerful. [an orb of fire]
 86124 | Zot:5    | Gained mutation: Scrolls take you a little longer to read.
                  | [an orb of fire]
 86133 | Zot:5    | Gained mutation: You are very dopey. (Int -4) [an orb of
                  | fire]
 86142 | Zot:5    | Killed an orb of fire
 86215 | Zot:5    | Noticed an orb of fire
 86224 | Zot:5    | Gained mutation: You are weak. (Str -2) [an orb of fire]
 86231 | Zot:5    | Gained mutation: You occasionally shout uncontrollably at
                  | your foes. [an orb of fire]
 86247 | Zot:5    | Killed an orb of fire
 86276 | Zot:5    | Noticed an orb of fire
 86287 | Zot:5    | Noticed an orb of fire
 86289 | Zot:5    | Noticed an orb of fire
 86291 | Zot:5    | Killed an ancient lich
 86297 | Zot:5    | Gained mutation: You are very frail. (-20% HP) [an orb of
                  | fire]
 86303 | Zot:5    | Killed an orb of fire
 86314 | Zot:5    | Gained mutation: You tend to lose your temper in combat.
                  | [an orb of fire]
 86316 | Zot:5    | Gained mutation: You often lose your temper in combat. [an
                  | orb of fire]
 86317 | Zot:5    | Killed an orb of fire
 86319 | Zot:5    | Lost mutation: Scrolls take you a little longer to read.
                  | [an orb of fire]
 86321 | Zot:5    | Gained mutation: Your spells are easier to cast, but less
                  | powerful. [an orb of fire]
 86323 | Zot:5    | Killed an orb of fire
 87705 | Zot:5    | Got the Orb of Zot
 88051 | Depths:1 | Noticed Ciukim the pandemonium lord
 88116 | D:14     | Noticed a seraph
 88473 | D:$      | Escaped with the Orb!

Vault maps used:
D:1:      tarquinn_simple_flora_water_a, minivault_11, minmay_strange_pillars
D:2:      hangedman_abyss_or_decor_lesser_grid
D:3:      first_ration, moated_statue, uniq_terence
D:4:      lemuel_round_altar, serial_shops, shop, minmay_misc_feat_rows
D:5:      minmay_item_behind_shaft
D:6:      minmay_temple_entry_statues_fountains, basic_altar, nrook_uturn,
          guppyfry_shop_venom, uniq_prince_ribbit1
D:7:      nicolae_ru_great_annihilating_truth
D:8:      due_lair_maze_entry_diamond, uniq_joseph
D:9:      gammafunk_ghost_grave, uniq_erolcha, uniq_erica, uniq_grum
D:10:     the_bakery
D:11:     erik_orc_2, basic_altar
D:12:     minmay_the_grid_triangle_9x9_rhombus_thin_mashed, basic_altar
D:13:     erik_vaults_2, serial_rivers, chequers_serial_rivers_large_b,
          chequers_serial_rivers_micro_c, chequers_serial_rivers_small_a,
          chequers_serial_rivers_micro_a, chequers_serial_rivers_micro_c,
          basic_altar
D:14:     lemuel_oklob_altar, uniq_roxanne
D:15:     grunt_enter_depths_giant_problem, columned_hall_lemuel
Temple:   kilobyte_greek_temple
Lair:2:   guppyfry_snake_entry_garden, uniq_gastronok
Lair:3:   minmay_shoals_entry_beasts, minivault_23, serial_bayou_lagoon_b,
          grunt_megastairs_5
Lair:4:   beast_lair_carwin_10, minmay_lair_oklob_chamber, serial_bayou_shore_b,
          lemuel_fruit_tree
Lair:5:   grunt_megastairs_4, uniq_josephine
Lair:6:   minmay_lair_end_frog_pond, slime_altar_2, fungi_pond_lemuel
Shoals:1: nicolae_shoals_cliffside_cave, nicolae_alphabet_shops
Shoals:2: overgrown_hall, uniq_ilsuiw, uniq_polyphemus
Shoals:3: nicolae_shoals_so_close
Shoals:4: shoals_end_grunt_ice, nicolae_shoals_circle_sea_wall,
          nicolae_shoals_wave_tunnel
Snake:1:  serial_bayou_shore_b, minmay_shop_star, uniq_kirke
Snake:2:  serial_shops, shop, special_room, grunt_megastairs_2
Snake:3:  hangedman_snake_pattern
Snake:4:  snake_pit, grunt_ministairs_5, uniq_vashnia, uniq_saint_roka
Orc:2:    st_orc_rangers, statue_in_the_mist_lemuel, nicolae_orc_rockfall,
          nicolae_orc_lava_room
Elf:1:    portal_ice_cave_entry_pillars_1, ebering_ghost_disaster_area,
          minmay_elf_necromancy, minivault_16
Elf:2:    basic_altar
Elf:3:    minmay_elf_hall_quartered_circle, serial_shops,
          nicolae_shop_behind_doors
Vaults:1: ontoclasm_vaults_fault, v_misc_3, nicolae_vaults_stairing_the_circle,
          vaults_room_hallway, grunt_vaults_hallway_long,
          ontoclasm_vaults_pinch, hangedman_vaults_trim, ontoclasm_vaults_echo,
          hangedman_vaults_pinch, v_alt_pattern_4, vaults_room_pool,
          ontoclasm_vaults_shuriken, vaults_room_stairs_pillars, v_misc_32,
          vaults_standard_mumra_x, v_misc_24, serial_shops, nicolae_shop_crystal
Vaults:2: v_rooms_1, nicolae_vaults_asterisk, v_misc_15, st_diamondy,
          vaults_room_grid, ontoclasm_vaults_tryst, ontoclasm_vaults_idyll,
          ontoclasm_vaults_ring_small, v_misc_30,
          hangedman_vaults_stretched_pinwheel, vaults_room_fancy_cross,
          vaults_room_ringed_pool, dpeg_vaults_monster_box,
          nicolae_vaults_yaktaur_gun_rack, nicolae_vaults_diagonal_hallway_7,
          serial_shops, shop, nicolae_shop_trees
Vaults:3: v_misc_13, grunt_vaults_swirl, v_misc_3, nicolae_vaults_circle_grid_b,
          vaults_room_guarded_vault, vaults_room_pools,
          minmay_crypt_entry_simple_sparse, v_misc_4, v_misc_8,
          vaults_room_large_hall, nicolae_vaults_angled_halls, uniq_xtahua
Vaults:4: v_misc_23, nicolae_vaults_big_angled_halls, ontoclasm_vaults_gateway,
          v_pattern_2, hangedman_vaults_locks, vaults_mumra_lcd,
          st_quartered_hall, nicolae_vaults_twisting_passages, v_rooms_4,
          nicolae_vaults_shelves_hall, v_alt_pattern_6, nicolae_vaults_alarming,
          mu_enter_wizlab_7
Crypt:1:  basic_altar, serial_sigils_hangedman_quiver, st_small_mortuary,
          grunt_crypt_arrival_webbed
Crypt:3:  grunt_crypt_end_deaths_head
Depths:1: minmay_misc_feat_tiny, hangedman_coc_ice_floe,
          minmay_misc_feat_pillars, grunt_decor_resistance, tgw_lugonu_bribe,
          grunt_megastairs_1
Depths:2: evilmike_halls_of_destruction, pan_entry, hell_entry,
          minmay_misc_feat_diagonals, infiniplex_staircase_pool_2
Depths:3: due_jory_tower, enter_ziggurat_a, pf_vacation_house_of_asmodeus,
          minmay_misc_feat_square, abyss_entry_flame_altar,
          rand_demon_pan_entry_9
Depths:4: nooodl_heptagram, nicolae_abyss_entry_one_way_or_another, hellmouth_1,
          chequers_hall_statues_corner_a
Depths:5: evilmike_zot_entry_hall, serial_sigils_hangedman_gut, abyss_entry,
          grunt_hell_entry_dis_old, serial_shops, bzr_entry_road,
          hangedman_decor_peaks_small, evilmike_spriggan_trog_shrine
Zot:1:    kennysheep_blocky_room
Zot:3:    bh_zot_levy_curve, st_stairs_14, guppyfry_library_mini
Zot:5:    lemuel_baited_zot_trap
Bazaar:   bazaar_jpeg_oval
IceCv:    ice_cave_caverns_02

Skill      XL: |  1  2  3  4  5  6  7  8  9 10 11 12 13 14 15 16 17 18 19 20 21 22 23 24 25 26 27 |
---------------+----------------------------------------------------------------------------------+-----
Stealth        | 6 7 9 10 11 12 14 15 19 21 22 24 25 27 | 27.0
Short Blades   | 3 4 5 7 9 10 16 | 16.6
Fighting       | 3 4 5 6 7 8 9 10 12 15 19 | 19.9
Necromancy     | 2 5 6 7 10 12 13 14 15 18 | 18.0
Spellcasting   | 2 5 7 8 9 10 11 13 | 13.0
Earth Magic    | 4 7 9 12 14 15 | 15.0
Transmutations | 4 9 10 12 13 | 13.0
Evocations     | 3 4 |  4.0
Dodging        | 4 10 12 17 | 17.0
Shields        | 4 7 11 15 17 19 21 22 23 24 | 24.4
Hexes          | 6 10 11 | 11.0
Long Blades    | 6 |  6.2
Charms         | 4 |  4.0
Throwing       | |  2.0

Action                   |  1- 3 |  4- 6 |  7- 9 | 10-12 | 13-15 | 16-18 | 19-21 | 22-24 | 25-27 || total
-------------------------+-------+-------+-------+-------+-------+-------+-------+-------+-------++-------
Melee: Dagger            |    57 |   131 |   340 |   787 |  1727 |   990 |  1075 |       |       ||  5107
       Constrict         |    14 |    27 |    43 |    55 |   108 |    49 |    75 |    84 |   242 ||   697
       Tentacles         |     7 |    23 |    88 |   203 |   528 |   352 |   449 |   469 |   790 ||  2909
       Quick blade       |       |       |       |       |       |       |   198 |  1453 |  2313 ||  3964
       Kick              |       |       |       |       |       |       |       |       |   330 ||   330
 Fire: Blowgun           |     4 |     8 |    23 |    35 |     3 |       |       |       |       ||    73
Throw: Stone             |       |     1 |     6 |     7 |    51 |       |       |       |       ||    65
       Throwing net      |       |       |       |     1 |       |       |       |       |     1 ||     2
 Cast: Pain              |       |       |     4 |    18 |    14 |       |       |       |       ||    36
       Vampiric Draining |       |       |     3 |    10 |     9 |       |       |       |       ||    22
       Dispel Undead     |       |       |       |     3 |    27 |    21 |    79 |    27 |     8 ||   165
       Borgnjor's Vile C |       |       |       |    54 |   182 |   173 |   146 |   177 |   119 ||   851
       Statue Form       |       |       |       |       |    56 |    84 |    86 |    82 |   105 ||   413
       Regeneration      |       |       |       |       |     3 |    30 |    35 |    41 |    32 ||   141
       Agony             |       |       |       |       |       |    16 |       |     5 |     3 ||    24
       Death Channel     |       |       |       |       |       |       |    12 |     5 |    15 ||    32
       Song of Slaying   |       |       |       |       |       |       |       |       |    11 ||    11
       Invisibility      |       |       |       |       |       |       |       |       |    13 ||    13
       Simulacrum        |       |       |       |       |       |       |       |       |     7 ||     7
Invok: Receive Corpses   |       |       |       |       |       |       |       |       |     5 ||     5
 Abil: Evoke Blink       |       |       |       |       |     5 |     2 |       |     1 |       ||     8
       End Transformatio |       |       |       |       |       |       |       |       |     1 ||     1
Evoke: Wand              |       |       |       |       |     2 |       |     3 |     7 |     3 ||    15
  Use: Scroll            |       |       |    19 |    10 |    13 |     6 |    17 |     8 |    16 ||    89
       Potion            |       |       |       |     9 |     1 |       |     4 |       |    12 ||    26
 Stab: Sleeping          |    16 |    10 |    14 |    11 |    35 |    31 |    75 |    55 |    91 ||   338
       Distracted        |       |     1 |     3 |       |     3 |       |     5 |     6 |    29 ||    47
       Held in net/web   |       |       |       |     1 |       |       |       |       |     1 ||     2
       Paralysed         |       |       |       |       |     1 |       |       |       |       ||     1
       Invisible         |       |       |       |       |       |       |       |       |    44 ||    44
  Eat: Chunk             |     1 |     7 |    16 |    23 |   112 |    99 |   120 |    79 |    53 ||   510
       Ration            |       |       |       |    11 |    14 |    11 |     2 |    10 |    29 ||    77
Armor: Skin              |     4 |       |     2 |    30 |   268 |   202 |   193 |   254 |   184 ||  1137
Dodge: Dodged            |    29 |    74 |   264 |   680 |  1472 |  1498 |  1184 |  1082 |   995 ||  7278
Block: Buckler           |       |       |       |       |    22 |   362 |   106 |       |       ||   490
       Shield            |       |       |       |       |       |       |   489 |       |  1492 ||  1981
       Large shield      |       |       |       |       |       |       |    64 |  1732 |   426 ||  2222
       Reflection        |       |       |       |       |       |       |       |    91 |    38 ||   129

Table legend:
 A = Non-vault XP
 B = Vault XP
 C = Vault XP percentage of total XP
 D = Non-vault monster count
 E = Vault monster count
 F = Vault count percentage of total count
                 A         B        C        D         E       F
            +---------+---------+-------+---------+---------+-------
      Total |  950142 |  885495 |  48.2 |    1705 |    1018 |  37.4
            +---------+---------+-------+---------+---------+-------
        D:1 |      37 |       0 |   0.0 |      19 |       0 |   0.0
        D:2 |      75 |       0 |   0.0 |      32 |       0 |   0.0
        D:3 |     217 |      36 |  14.2 |      22 |       1 |   4.3
        D:4 |     256 |       0 |   0.0 |      11 |       0 |   0.0
        D:5 |     255 |       0 |   0.0 |      12 |       0 |   0.0
        D:6 |     954 |     348 |  26.7 |      18 |       6 |  25.0
        D:7 |    2529 |      41 |   1.6 |      32 |       4 |  11.1
        D:8 |    3424 |    1519 |  30.7 |      36 |      11 |  23.4
        D:9 |    2231 |    3273 |  59.5 |      25 |       6 |  19.4
       D:10 |    2973 |     331 |  10.0 |      29 |       2 |   6.5
       D:11 |    7260 |    1186 |  14.0 |      66 |      20 |  23.3
       D:12 |    3159 |    5048 |  61.5 |      26 |      13 |  33.3
       D:13 |    4507 |    8047 |  64.1 |      28 |       9 |  24.3
       D:14 |   11588 |    2506 |  17.8 |      36 |       2 |   5.3
       D:15 |    7187 |    1929 |  21.2 |      24 |       1 |   4.0
     Lair:1 |    4984 |       0 |   0.0 |      21 |       0 |   0.0
     Lair:2 |    6985 |    2633 |  27.4 |      24 |       4 |  14.3
     Lair:3 |    6231 |    3622 |  36.8 |      18 |       9 |  33.3
     Lair:4 |    3112 |    4015 |  56.3 |      13 |      11 |  45.8
     Lair:5 |   10661 |    4758 |  30.9 |      29 |      31 |  51.7
     Lair:6 |    8982 |   13138 |  59.4 |      31 |      52 |  62.7
   Shoals:1 |    6132 |       0 |   0.0 |      15 |       0 |   0.0
   Shoals:2 |    7828 |    9421 |  54.6 |      17 |      11 |  39.3
   Shoals:3 |   23157 |     172 |   0.7 |      38 |       1 |   2.6
   Shoals:4 |   15019 |   19059 |  55.9 |      36 |      32 |  47.1
    Snake:1 |    6297 |    3484 |  35.6 |      15 |       8 |  34.8
    Snake:2 |   20774 |    5794 |  21.8 |      37 |      10 |  21.3
    Snake:3 |   15381 |   11637 |  43.1 |      34 |      14 |  29.2
    Snake:4 |   19762 |   33962 |  63.2 |      43 |      50 |  53.8
      Orc:1 |    4606 |       0 |   0.0 |      33 |       0 |   0.0
      Orc:2 |    5989 |    4325 |  41.9 |      42 |      37 |  46.8
      Elf:1 |   10244 |    5131 |  33.4 |      17 |       8 |  32.0
      Elf:2 |    7773 |   25466 |  76.6 |      15 |      31 |  67.4
      Elf:3 |   12280 |   49976 |  80.3 |      18 |      31 |  63.3
   Vaults:1 |   40463 |   24812 |  38.0 |      57 |      33 |  36.7
   Vaults:2 |   14127 |   19229 |  57.6 |      26 |      24 |  48.0
   Vaults:3 |   32409 |   22118 |  40.6 |      61 |      24 |  28.2
   Vaults:4 |   34748 |   45650 |  56.8 |      65 |      53 |  44.9
   Vaults:5 |   36043 |  107834 |  74.9 |      62 |      87 |  58.4
    Crypt:1 |   20308 |    2532 |  11.1 |      31 |       3 |   8.8
    Crypt:2 |   27965 |       0 |   0.0 |      43 |       0 |   0.0
    Crypt:3 |       0 |   78101 | 100.0 |       0 |     115 | 100.0
   Depths:1 |   49210 |    6842 |  12.2 |      66 |       8 |  10.8
   Depths:2 |   25533 |   24328 |  48.8 |      43 |      21 |  32.8
   Depths:3 |   44214 |   33600 |  43.2 |      55 |      52 |  48.6
   Depths:4 |   43354 |   62308 |  59.0 |      40 |      48 |  54.5
   Depths:5 |   37264 |   24589 |  39.8 |      31 |      17 |  35.4
      Zot:1 |   29690 |   14115 |  32.2 |      19 |       8 |  29.6
      Zot:2 |   56566 |       0 |   0.0 |      34 |       0 |   0.0
      Zot:3 |   48966 |   22171 |  31.2 |      27 |      12 |  30.8
      Zot:4 |   80429 |       0 |   0.0 |      56 |       0 |   0.0
      Zot:5 |   68049 |  167120 |  71.1 |      47 |      41 |  46.6
    Abyss:2 |   17955 |       0 |   0.0 |      30 |       0 |   0.0
      IceCv |       0 |    9289 | 100.0 |       0 |      57 | 100.0
            +---------+---------+-------+---------+---------+-------
